 Dungeon Crawl Stone Soup version 0.26.1-2-gb8aa6d0cf2 (webtiles) character file.

Game seed: 2265765308153837127

11130 H0rd4k the Slicer (level 12, 0/92 HPs)
             Began as a Human Artificer on Feb 18, 2021.
             Was an Initiate of Gozag.
             Succumbed to a black mamba's poison
             ... on level 9 of the Dungeon on Feb 19, 2021.
             The game lasted 00:39:29 (18667 turns).

H0rd4k the Slicer (Human Artificer)                Turns: 18667, Time: 00:39:30

Health: 0/92       AC: 11    Str: 14    XL:     12   Next: 3%
Magic:  17/17      EV: 14    Int: 14    God:    Gozag
Gold:   282        SH:  0    Dex: 15    Spells: 13/18 levels left

rFire    . . .     SeeInvis .   R - +2 falchion (freeze)
rCold    . . .     Faith    .   (no shield)
rNeg     + . .     Spirit   .   W - +3 leather armour "Petsymek" {rElec Will+}
rPois    .         Reflect  .   (no helmet)
rElec    +         Harm     .   (no cloak)
rCorr    .         Rampage  .   s - +0 pair of gloves
Will     +....                  b - +2 pair of boots {run}
Stlth    ++++......             (no amulet)
HPRegen  0.25/turn              I - ring of positive energy
MPRegen  0.15/turn              e - ring of stealth

@: lethally poisoned (0 -> -78), quick
A: no striking features
a: Renounce Religion, Potion Petition, Call Merchant, Bribe Branch


You were on level 9 of the Dungeon.
You worshipped Gozag.
Gozag was aware of your devotion.
You visited 3 branches of the dungeon, and saw 13 of its levels.
You also visited: Sewer.

You collected 2012 gold pieces.
You spent 391 gold pieces at shops.
You paid 1339 gold pieces to Gozag.

Inventory:

Hand Weapons
 q - a +3 vorpal shortbow
 A - a +4 short sword of flaming
 R - a +2 falchion of freezing (weapon)
 T - a +3 vorpal hand crossbow
Missiles
 g - 26 poisoned darts (quivered)
 x - 162 arrows
 G - 2 curare-tipped darts
 U - 8 boomerangs of dispersal
Armour
 b - a +2 pair of boots of running (worn)
 s - a +0 pair of gloves (worn)
 W - the +3 leather armour "Petsymek" (worn) {rElec Will+}
   (You bought it in a shop on level 9 of the Dungeon)

   It insulates you from electricity.
   It affects your willpower, your defense against some magical effects.
Jewellery
 a - an uncursed ring of fire
 e - a ring of stealth (right hand)
 h - an uncursed ring of flight
 y - an uncursed ring of stealth
 I - a ring of positive energy (left hand)
Wands
 c - a wand of flame (2)
 N - a wand of random effects (17)
 O - a wand of digging (3)
 S - a wand of iceblast (1)
Scrolls
 i - 2 scrolls of fog
 j - 10 scrolls of teleportation
 k - 5 scrolls of fear
 n - a scroll of vulnerability
 r - 2 scrolls of blinking
 v - 2 scrolls of amnesia
 D - 5 scrolls of remove curse
Potions
 f - 2 potions of haste
 l - a potion of resistance
 p - 8 potions of curing
 u - a potion of might
 w - a potion of invisibility
 z - 6 potions of flight
 B - a potion of attraction
 F - a potion of degeneration
 L - a potion of brilliance
 Q - a potion of mutation
 V - 2 potions of magic


   Skills:
 + Level 7.8 Fighting
 + Level 10.9 Short Blades
 + Level 0.3(6.9) Long Blades
 * Level 2.5 Bows
 - Level 6.5 Armour
 + Level 5.1 Dodging
 + Level 5.2 Stealth
 * Level 3.9 Spellcasting
 - Level 3.0 Hexes
 - Level 2.2 Translocations
 + Level 5.0 Evocations


You had 13 spell levels left.
You knew the following spells:

 Your Spells              Type           Power        Failure   Level
a - Blink                 Tloc           N/A          14%         2
b - Portal Projectile     Hex/Tloc       20%          24%         3

Your spell library contained the following spells:

 Spells                   Type           Power        Failure   Level
 Corona                   Hex            12%          7%          1
 Slow                     Hex            11%          11%         2
 Foxfire                  Conj/Fire      8%           24%         1
 Freeze                   Ice            8%           24%         1
 Magic Dart               Conj           8%           24%         1
 Call Imp                 Summ           2%           36%         2
 Searing Ray              Conj           4%           36%         2
 Dazzling Flash           Conj/Hex       14%          36%         3
 Cause Fear               Hex            5%           56%         4
 Conjure Flame            Conj/Fire      2%           58%         3
 Frozen Ramparts          Ice            4%           58%         3
 Mephitic Cloud           Conj/Pois/Air  2%           58%         3
 Ozocubu's Armour         Ice            2%           58%         3
 Static Discharge         Conj/Air       2%           58%         3
 Fulminant Prism          Conj/Hex       3%           77%         4
 Leda's Liquefaction      Hex/Erth       3%           77%         4
 Iskenderun's Mystic Bla  Conj/Tloc      5%           83%         4
 Hailstorm                Conj/Ice       2%           94%         4
 Summon Ice Beast         Ice/Summ       2%           94%         4
 Bolt of Magma            Conj/Fire/Erth 1%           100%        5
 Conjure Ball Lightning   Conj/Air       1%           100%        6
 Iron Shot                Conj/Erth      1%           100%        6
 Starburst                Conj/Fire      1%           100%        6
 Statue Form              Tmut/Erth      1%           100%        6
 Spellforged Servitor     Conj/Summ      1%           100%        7
 Shatter                  Erth           1%           100%        9


Dungeon Overview and Level Annotations

Branches:
Dungeon (11/15)            Temple (1/1) D:6            Lair (1/6) D:9
    Orc (0/2) D:9           Sewer (visited)

Altars:
Ashenzari
Cheibriados
Dithmenos
Elyvilon
Fedhas
Gozag
Hepliaklqana
Kikubaaqudgha
Makhleb
Nemelex Xobeh
Okawaru
Qazlal
Ru
Sif Muna
Trog
Uskayaw
Vehumet
Wu Jian
Xom
Yredelemnul
Zin
The Shining One
Beogh
Lugonu

Shops:
D:4 =   D:8 [   D:9 ([

Annotations:
D:10 exclusion: upstairs
D:11 3 runed translucent doors, H0rd4k's ghost, journeyman HuAr; Quickbrownfox's ghost, journeyman MiMo; brucemayne's ghost, novice HOMo


Message History

You feel very sick. The black mamba barely misses you.
You riposte.
You miss the black mamba.
The black mamba is moderately wounded.
The black mamba bites you.
You are more poisoned.
The black mamba poisons you!
* * * LOW HITPOINT WARNING * * *
You feel extremely sick.
Okay, then.
Unknown command.
Blink to where?
Press: ? - help, Dir - move target
As you read the scroll of blinking, it crumbles to dust.
* * * LOW HITPOINT WARNING * * *
You feel extremely sick.
* * * LOW HITPOINT WARNING * * *
You feel extremely sick.
You climb upwards.
Welcome back to the Dungeon!
You die...
Your body crumbles into a pile of gold.

###......# ###........# #......
#.'......####..........# #......
##.#......##...#........###......
...#......##.###........#.'......
####......#..# #........#.#......
# #......#)## #........#.#......
# #......#(# #.∩∩.......#......
#....>.'.# #.......[###.>....
#....<.### #@######## #......
#......# ### #...... ########
#######


There were no monsters in sight!

Vanquished Creatures
  2 two-headed ogres
  The ghost of Mattiprrivan the Cudgeller, a novice VSBe of Trog (D:7)
  A kobold demonologist (D:11)
  2 cane toads (Lair:1)
  3 blink frogs (Lair:1)
  Sigmund (D:3)
  16 yaks
  A soldier ant (D:11)
  A water moccasin (Lair:1)
  3 ice beasts
  2 sky beasts
  4 orc warriors
  A black bear (D:10)
  An eye of draining (D:10)
  3 phantoms
  3 ogres
  5 centaurs
  A big kobold (D:8)
  4 bullfrogs
  6 scorpions
  4 killer bees (D:9)
  14 wights
  2 bullfrog zombies
  2 centaur zombies
  2 jellies
  3 hounds
  6 orc wizards
  3 bullfrog skeletons
  4 orc priests
  2 centaur skeletons
  Natasha (twice) (D:3)
  A merfolk siren (Sewer)
  A merfolk avatar (Sewer)
  6 worker ants
  3 bullfrog simulacra (D:7)
  A centaur simulacrum (D:7)
  2 hound skeletons
  A howler monkey zombie (D:7)
  A howler monkey skeleton (D:4)
  12 adders
  4 gnolls (D:10)
  2 river rats (Sewer)
  2 shadow imps
  3 white imps
  An ufetubus (D:9)
  An ooze (D:2)
  3 adder zombies
  4 worms
  An adder skeleton (D:5)
  2 dart slugs
  An adder simulacrum (D:7)
  8 leopard geckos
  40 orcs
  12 giant cockroaches
  8 goblins
  7 hobgoblins
  6 jackals
  4 quokkas
  4 ball pythons
  A ball python zombie (D:6)
  7 bats
  11 frilled lizards
  A jackal skeleton (D:5)
  A jackal zombie (D:5)
  11 kobolds
  A leopard gecko skeleton (D:4)
  A quokka simulacrum (D:7)
  2 quokka skeletons
  38 rats
320 creatures vanquished.

Vanquished Creatures (collateral kills)
  Harold (Lair:1)
  A cane toad (Lair:1)
  A bullfrog (Lair:1)
  A gnoll shaman (D:10)
  A gnoll (D:10)
  3 orcs
8 creatures vanquished.

Vanquished Creatures (others)
  A troll (D:9)
  An orc warrior (D:11)
  3 fungi (Lair:1)
  3 plants (Lair:1)
  4 withered plants (D:11)
12 creatures vanquished.

Grand Total: 340 creatures vanquished

Notes
Turn   | Place    | Note
-------+----------+-------------------------------------------
     0 | D:1      | H0rd4k the Human Artificer began the quest for the Orb.
     0 | D:1      | Reached XP level 1. HP: 15/15 MP: 1/1
   398 | D:1      | Reached XP level 2. HP: 13/21 MP: 2/2
  1448 | D:1      | Reached XP level 3. HP: 26/26 MP: 3/3
  2710 | D:2      | Reached XP level 4. HP: 28/32 MP: 4/4
  3325 | D:3      | Reached skill level 1 in Short Blades
  3656 | D:3      | Noticed Sigmund
  3660 | D:3      | Killed Sigmund
  3661 | D:3      | Reached skill level 2 in Short Blades
  3661 | D:3      | Reached XP level 5. HP: 33/38 MP: 5/5
  3661 | D:3      | Reached XP level 6. HP: 38/44 MP: 6/6
  4007 | D:3      | Found a hazy altar of Hepliaklqana.
  4011 | D:3      | Noticed Natasha
  4013 | D:3      | Killed Natasha
  4025 | D:3      | Noticed Natasha
  4027 | D:3      | Reached skill level 3 in Short Blades
  4035 | D:3      | Killed Natasha
  4491 | D:3      | Reached XP level 7. HP: 41/50 MP: 7/7
  4851 | D:4      | Found a shadowy altar of Dithmenos.
  4888 | D:4      | Found a basalt altar of Yredelemnul.
  4888 | D:4      | Found a faded altar of an unknown god.
  4962 | D:4      | Found a glowing silver altar of Zin.
  5131 | D:4      | Found a glowing drain.
  5137 | Sewer    | Entered a sewer
  5147 | Sewer    | Reached skill level 4 in Short Blades
  5907 | D:4      | Found a hide-covered altar of Uskayaw.
  6142 | D:4      | Found Veimm's Jewellery Shop.
  6151 | D:4      | Found an iron altar of Okawaru.
  6348 | D:4      | Reached XP level 8. HP: 46/57 MP: 8/8
  6597 | D:4      | Found a faded altar of an unknown god.
  6599 | D:4      | Found an iron altar of Okawaru.
  6601 | D:4      | Found an ancient bone altar of Kikubaaqudgha.
  6666 | D:4      | Found a blossoming altar of Fedhas.
  6730 | D:5      | Entered Level 5 of the Dungeon
  6883 | D:5      | Reached skill level 5 in Short Blades
  7189 | D:5      | Found a burning altar of Makhleb.
  7843 | D:5      | Identified the Handbook of Curses and Flight
  8254 | D:6      | Reached skill level 5 in Armour
  8461 | D:6      | Reached skill level 6 in Short Blades
  8754 | D:6      | Found a staircase to the Ecumenical Temple.
  8778 | D:6      | Found a glowing golden altar of the Shining One.
  8788 | Temple   | Entered the Ecumenical Temple
  8919 | Temple   | Became a worshipper of Gozag Ym Sagoz the Greedy
  9011 | D:6      | Reached XP level 9. HP: 64/64 MP: 9/9
  9572 | D:7      | Found a shimmering blue altar of Sif Muna.
  9624 | D:7      | Found a runed translucent gate.
  9624 | D:7      | Found a runed translucent gate.
  9625 | D:7      | Found a runed translucent gate.
  9676 | D:7      | Noticed Mattiprrivan's ghost (novice VSBe)
 10298 | D:7      | Found a bloodstained altar of Trog.
 10624 | D:7      | Killed Mattiprrivan's ghost
 10625 | D:7      | Reached skill level 7 in Short Blades
 10682 | D:7      | Identified Puneppekhlo's Grimoire of Conjuration
 10865 | D:8      | Found Caesan's Antique Armour Shop.
 10867 | D:8      | Bought a pair of runed boots for 202 gold pieces
 10872 | D:8      | Identified a +1 pair of boots of running (You bought it in
                  | a shop on level 8 of the Dungeon)
 11355 | D:8      | Noticed a two-headed ogre
 11362 | D:8      | Killed a two-headed ogre
 11363 | D:8      | Reached skill level 8 in Short Blades
 11363 | D:8      | Reached skill level 5 in Stealth
 11363 | D:8      | Reached XP level 10. HP: 58/73 MP: 10/10
 11458 | D:8      | Reached skill level 5 in Fighting
 11857 | D:10     | Entered Level 10 of the Dungeon
 11911 | D:10     | Reached skill level 9 in Short Blades
 12456 | D:10     | Reached skill level 1 in Spellcasting
 13369 | D:9      | Learned a level 2 spell: Blink
 13373 | D:9      | Learned a level 3 spell: Portal Projectile
 13403 | D:9      | Found a staircase to the Lair.
 13551 | D:9      | Found a sacrificial altar of Ru.
 13586 | D:9      | Reached XP level 11. HP: 65/81 MP: 14/14
 13769 | D:9      | Reached skill level 1 in Hexes
 13788 | D:9      | Reached skill level 1 in Translocations
 13865 | D:9      | Noticed a two-headed ogre
 13879 | D:9      | Killed a two-headed ogre
 13880 | D:9      | Reached skill level 10 in Short Blades
 14149 | D:9      | Found a staircase to the Orcish Mines.
 14566 | D:9      | Found a roughly hewn altar of Beogh.
 15622 | D:11     | Found a runed translucent gate.
 15622 | D:11     | Found a runed translucent gate.
 15622 | D:11     | Found a runed translucent gate.
 15624 | D:11     | Noticed H0rd4k's ghost (journeyman HuAr)
 15624 | D:11     | Noticed Quickbrownfox's ghost (journeyman MiMo)
 16283 | D:11     | Noticed brucemayne's ghost (novice HOMo)
 17019 | D:9      | Bought a heavily runed leather armour for 189 gold pieces
 17030 | D:9      | Identified the +3 leather armour "Petsymek" {rElec Will+}
                  | (You bought it in a shop on level 9 of the Dungeon)
 17129 | Lair:1   | Entered Level 1 of the Lair of Beasts
 17268 | Lair:1   | Reached skill level 5 in Dodging
 17590 | Lair:1   | Reached skill level 1 in Bows
 17760 | Lair:1   | Reached skill level 5 in Evocations
 18112 | Lair:1   | Noticed Harold
 18142 | Lair:1   | Killed Harold
 18143 | Lair:1   | Reached XP level 12. HP: 35/92 MP: 17/17
 18667 | D:9      | Succumbed to a black mamba's poison

Illustrated notes

Levels and vault maps discovered:
D:1:      dpeg_arrival_more_subterranean_lakeside_camping, layout_basic,
          minmay_misc_feat_roman
D:2:      layout_rooms, supply_closet_lemuel
D:3:      layout_basic, overflow_temple_1_default, uniq_natasha, uniq_sigmund
D:4:      layout_cave_pools, nicolae_dithmenos_through_a_glass_darkly,
          eat_drink_and_be_merry_uskayaw, minitemple,
          chequers_temple_overflow_minitemple, gup_sewer_entry_spiral,
          serial_shops, shop, okawaru_metal_pillars_1_2
D:5:      kennysheep_six_static_rooms, layout_basic,
          lemuel_coloured_pillars_altar, minmay_misc_feat_room,
          minmay_crossroads
D:6:      layout_cave_pools, lemuel_doored_altar, minmay_temple_entry_offerings,
          serial_glass, glass_columns_c, glass_columns_b, glass_columns_c,
          glass_columns_c, glass_columns_a, glass_columns_a, glass_columns_c,
          glass_columns_c, grunt_ministairs_5
D:7:      layout_loops_corners, nicolae_overflow_hidden_temple,
          gammafunk_ghost_icy, basic_altar, corexii_corridor_pit
D:8:      layout_loops_ring, serial_shops, shop
D:9:      layout_roguey, lair_entry_dummy, minmay_orc_entry_temple_small,
          nicolae_ru_sacrificial_ziggurat
D:10:     layout_gridville, hangedman_glass_teeth, kennysheep_generic_room_11
D:11:     layout_loops_ring, gammafunk_ghost_cemetery
Temple:   kb_corrupted_temple
Lair:1:   statuecave_lemuel, layout_regular_city, serial_bayou_shore_b,
          uniq_harold

Skill      XL: |  1  2  3  4  5  6  7  8  9 10 11 |
---------------+----------------------------------+-----
Dodging        | 2 3 4 5 |  5.1
Short Blades   | 2 3 4 6 8 9 10 | 10.9
Armour         | 3 4 5 6 |  6.5
Fighting       | 2 3 4 6 7 |  7.8
Stealth        | 2 5 |  5.2
Evocations     | 4 5 |  5.0
Spellcasting   | 2 3 |  3.9
Hexes          | 3 |  3.0
Translocations | 2 |  2.2
Bows           | 2 |  2.5
Long Blades    | |  0.3

Action                   |  1- 3 |  4- 6 |  7- 9 | 10-12 || total
-------------------------+-------+-------+-------+-------++-------
Melee: Club              |   105 |       |       |       ||   105
       Rapier            |    53 |   144 |   237 |       ||   434
       Short sword       |       |       |   403 |   655 ||  1058
       Falchion          |       |       |       |    26 ||    26
       Shortbow          |       |       |       |     1 ||     1
 Fire: Shortbow          |       |       |       |    18 ||    18
 Cast: Portal Projectile |       |       |       |     5 ||     5
Invok: Call Merchant     |       |       |       |     2 ||     2
Evoke: Wand              |     1 |     7 |    22 |    27 ||    57
  Use: Potion            |     4 |       |     2 |     5 ||    11
       Scroll            |       |       |    18 |    16 ||    34
 Stab: Sleeping          |     2 |     1 |    12 |       ||    15
       Distracted        |       |       |     1 |       ||     1
Armor: Leather armour    |    39 |    13 |       |     8 ||    60
       Skin              |     2 |       |       |       ||     2
       Ring mail         |       |    43 |   141 |       ||   184
       Chain mail        |       |       |    41 |   204 ||   245
       Robe              |       |       |     1 |       ||     1
Dodge: Dodged            |   123 |   103 |   270 |   187 ||   683
       Rpst.: Falchion   |       |       |       |     9 ||     9
